 Dungeon Crawl Stone Soup version 0.30-a0-799-g109b55a442 (webtiles) character file.

Game seed: 15300371748892835100

29 Esekla the Sneak (level 3, -20/26 HPs)
             Began as an Octopode Delver on Feb 20, 2023.
             Demolished by an ogre
             ... wielding a +0 giant club
              (21 damage)
             ... on level 5 of the Dungeon.
             The game lasted 00:05:59 (531 turns).

Esekla the Sneak (Octopode Delver)                   Turns: 531, Time: 00:06:00

Health: -20/26     AC:  1    Str: 11    XL:     3   Next: 16%
Magic:  4/4        EV: 13    Int: 14    God:
Gold:   0          SH:  0    Dex: 13    Spells: 3/3 levels left

rFire   . . .      SeeInvis .    a - +0 falchion
rCold   . . .      Faith    .    (no shield)
rNeg    . . .      Spirit   .    (helmet restricted)
rPois   .          Reflect  .    (no amulet)
rElec   .          Harm     .    (no ring)
rCorr   .          Rampage  .    (no ring)
Will    .....                    (no ring)
Stlth   ++++                     (no ring)
HPRegen 0.24/turn                (no ring)
MPRegen 0.09/turn                (no ring)
                                 (no ring)
                                 (no ring)

@: no status effects
A: almost no armour, amphibious, 8 rings, camouflage 1, gelatinous body 1,
(nimble swimmer 1), tentacles
a: no special abilities


You were on level 5 of the Dungeon.
You visited 2 branches of the dungeon, and saw 2 of its levels.

Inventory:

Hand Weapons
 a - a +0 falchion (weapon)
 c - a +0 trident
Missiles
 e - a throwing net (quivered)
Wands
 f - a wand of digging (3)
Scrolls
 b - a scroll of fog
 g - a scroll of teleportation {unknown}
 h - a scroll of identify {unknown}
Potions
 d - 3 potions of curing {unknown}


   Skills:
 * Level 3.2 Fighting
 * Level 2.2 Long Blades
 * Level 2.2 Dodging
 + Level 7.1 Stealth
 * Level 0.7 Spellcasting


You had 3 spell levels left.
You didn't know any spells.
Your spell library was empty.

Dungeon Overview and Level Annotations

Branches:
Dungeon (5/15)             Temple (1/1) D:5

Altars:
Ashenzari
Gozag
Nemelex Xobeh
Okawaru
Ru
Trog
Uskayaw
Wu Jian


Innate Abilities, Weirdness & Mutations

You cannot wear most types of armour.
You are amphibious.
You can wear up to eight rings at the same time.
Your skin changes colour to match your surroundings (Stealth+).
Your rubbery body absorbs attacks. (AC +1, EV +1)
((You are camouflaged when in or above water. (Stealth+)))
You have tentacles for arms and can constrict up to eight enemies at once.


Message History

Found a broken altar of Ashenzari.
You enter the shallow water.
Found an opulent altar of Gozag.
You enter the shallow water.
You enter the shallow water.
Found a sacrificial altar of Ru.
You have 0 gold pieces.
Unknown command.
(D) Dungeon (T) Temple
Where to? (? - help)
You enter the shallow water.
Found an iron altar of Okawaru.
There is a staircase back to the Dungeon here.
You climb upwards.
There is a staircase to the Ecumenical Temple here.
A hound comes into view.
The hound barks!
You hear a shout!
You hit the hound. Your grab misses the hound. You squeeze the hound!
You kill the hound!
Your Stealth skill increases to level 7!
You have reached level 2!
You have reached level 3!
Your experience leads to an increase in your attributes!
Increase (S)trength, (I)ntelligence, or (D)exterity?
You feel clever. x2
An ogre comes into view. It is wielding a +0 giant club.
There is a staircase to the Ecumenical Temple here.
There is an open door here.
There is a shaft here.
There is an open door here.
There is an open door here.
There is a shaft here.
The ogre completely misses you.
There is a shaft here.
The ogre hits you with a +0 giant club!!
Ouch! That really hurt!
* * * LOW HITPOINT WARNING * * *
The ogre hits you with a +0 giant club!!
Ouch! That really hurt!
You die...

..#.............#.###
..###.##....###.....#
....#####..##.##..#.##
....# ##..##...##....##
....###..##^._.^##....#
....##..##.......##...#
....##.##.....^...##..#
###.##.#...#####O..#..#
#....#.##.'#.#.#@.##..#
O.##....###..#..###..##
.####.#.....###.....##
## #.#####.....##### #
#...........# #
#############


You could see an ogre.

Vanquished Creatures
  A hound (D:5)
1 creature vanquished.

Notes
Turn   | Place    | Note
-------+----------+-------------------------------------------
     0 | D:5      | Esekla the Octopode Delver began the quest for the Orb.
     0 | D:5      | Reached XP level 1. HP: 16/16 MP: 1/1
   113 | D:5      | Noticed a scorpion
   113 | D:5      | Noticed an ogre
   221 | D:5      | Found a sparkling altar of Nemelex Xobeh.
   259 | D:5      | Found a staircase to the Ecumenical Temple.
   387 | Temple   | Entered the Ecumenical Temple
   461 | D:5      | Noticed a hound
   463 | D:5      | Killed a hound
   464 | D:5      | Reached skill level 7 in Stealth
   464 | D:5      | Reached XP level 2. HP: 21/21 MP: 1/3
   464 | D:5      | Reached XP level 3. HP: 26/26 MP: 1/4
   464 | D:5      | Noticed an ogre
   530 | D:5      | HP: 1/26 [ogre/+0 giant club (25)]
   531 | D:5      | Demolished by an ogre

Illustrated notes

Levels and vault maps discovered:
D:5:      minmay_general_purpose_star, layout_gridville,
          nemelex_spade_bored_becter, minmay_temple_entry_antechambers,
          minivault_24, wad_floor_pattern_untrapped, eino_tiny_chamber,
          skrybe_limestone_x
Temple:   nicolae_temple_bog_church

Skill      XL: |  1 |
---------------+----+-----
Stealth        | 7 |  7.1
Fighting       | |  3.2
Long Blades    | |  2.2
Dodging        | |  2.2
Spellcasting   | |  0.7

Action                     || total
---------------------------++-------
  Melee: Falchion          ||     2
         Tentacles         ||     1
    Use: Scroll            ||     2
         Potion            ||     1
  Dodge: Dodged            ||     2

Table legend: (Time is in decaauts)
 A = Elapsed time spent in this place.
 B = Non-inter-level travel time spent in this place.
 C = Inter-level travel time spent in this place.
 D = Time resting spent in this place.
 E = Time spent auto-exploring this place.
 F = Levels seen in this place.
 G = Mean time per level.
                   A        B        C        D        E       F      G
               +--------+--------+--------+--------+--------+-----+--------+
         Total |    511 |    485 |     26 |     11 |     34 |   2 |  255.5 |
       Dungeon |    446 |    445 |      1 |     11 |      0 |   1 |  446.0 |
        Temple |     65 |     40 |     25 |      0 |     34 |   1 |   65.0 |
               +--------+--------+--------+--------+--------+-----+--------+

Top non-repeatable levels by time:
     D:5: 446 daAuts
  Temple: 65 daAuts
